 Dungeon Crawl Stone Soup version 0.22.1-2-g9c5b331 (webtiles) character file.

46 myga the Grave Robber (level 3, -10/21 HPs)
             Began as a Halfling Necromancer on Dec 13, 2018.
             Mangled by Crazy Yiuf
             ... wielding a +2 quarterstaff of chaos
              (12 damage)
             ... on level 2 of the Dungeon.
             The game lasted 00:09:21 (1666 turns).

myga the Grave Robber (Halfling Necromancer)        Turns: 1666, Time: 00:09:22

Health: -10/21     AC:  4    Str: 10    XL:     3   Next: 95%
Magic:  13/15      EV: 15    Int: 13    God:
Gold:   128        SH:  0    Dex: 14    Spells: 1/6 levels left

rFire    . . .     SeeInvis .   k - +1 short sword
rCold    . . .     Gourm    .   (shield restricted)
rNeg     . . .     Faith    .   o - +0 robe
rPois    .         Spirit   .   d - +1 helmet
rElec    .         Reflect  .   (no cloak)
rCorr    .         Harm     .   (no gloves)
MR       .....                  (no boots)
Stlth    ++........             (no amulet)
HPRegen  0.07/turn              j - ring of flight
MPRegen  0.14/turn              n - ring of magical power

@: slowed, very slow
A: small, mutation resistance 1
a: Evoke Flight


You were on level 2 of the Dungeon.
You were not hungry.

You visited 1 branch of the dungeon, and saw 2 of its levels.

You collected 128 gold pieces.

Inventory:

Hand Weapons
 a - a +0 short sword
 k - a +1 short sword (weapon)
Missiles
 e - 71 stones (quivered)
 q - 21 arrows
Armour
 d - a +1 helmet (worn)
 o - a +0 robe (worn)
Jewellery
 j - a ring of flight (left hand)
 n - a ring of magical power (right hand)
Scrolls
 f - a scroll of remove curse
 r - a scroll of magic mapping {unknown}
 s - a scroll of noise {unknown}
Potions
 b - a potion of heal wounds {unknown}
 g - 2 potions of might {unknown}
 h - a potion of brilliance {unknown}
 l - a potion of flight {unknown}
 p - a potion of resistance {unknown}
Comestibles
 c - 5 rations


   Skills:
 + Level 0.8 Short Blades
 + Level 2.3 Dodging
 + Level 2.5 Stealth
 + Level 2.0 Spellcasting
 + Level 3.8 Necromancy


You had one spell level left.
You knew the following spells:

 Your Spells              Type           Power        Failure   Level  Hunger
a - Pain                  Necr           ##..         5%          1    ##.....
b - Animate Skeleton      Necr           N/A          5%          1    ##.....
c - Vampiric Draining     Necr           ##........   16%         3    ####...

Your spell library contained the following spells:

 Spells                   Type           Power        Failure   Level  Hunger
 Beastly Appendage        Tmut           #.....       26%         1    ##.....
 Regeneration             Chrm/Necr      #.........   34%         3    ####...
 Sticks to Snakes         Tmut           #.......     36%         2    ###....
 Animate Dead             Necr           N/A          45%         4    #####..
 Spider Form              Tmut/Pois      #.........   58%         3    ####...
 Ice Form                 Ice/Tmut       #.......     94%         4    #####..
 Blade Hands              Tmut           #.........   100%        5    ######.


Dungeon Overview and Level Annotations

Branches:
Dungeon (2/15)

Altars:
Ru

Annotations:
D:2 Crazy Yiuf


Innate Abilities, Weirdness & Mutations

You are small and have problems with some larger weapons.
You are somewhat resistant to further mutation.


Message History

Aiming: Pain (safe; 5% risk of failure)
Press: ? - help, Shift-Dir - straight line, f/p - Crazy Yiuf
Aim: Crazy Yiuf, wielding a quarterstaff of chaos and wearing a cloak Crazy Yiuf writhes in agony!
Crazy Yiuf hits you with a quarterstaff of chaos!
You see here a mace.
Crazy Yiuf laughs, "Hah!"
Crazy Yiuf cries, "Line!"
Casting: Pain (safe; 5% risk of failure)
Confirm with . or Enter, or press ? or * to list all spells.
Aiming: Pain (safe; 5% risk of failure)
Press: ? - help, Shift-Dir - straight line, f/p - Crazy Yiuf
Aim: Crazy Yiuf, wielding a quarterstaff of chaos and wearing a cloak (heavily Crazy Yiuf struggles to resist.
Crazy Yiuf hits you with a quarterstaff of chaos!
* * * LOW HITPOINT WARNING * * *
You feel yourself slow down.
Crazy Yiuf hits you with a quarterstaff of chaos!
Ouch! That really hurt!
You die...

♣....♣ #####...#.## #....#
#####.....#.....
##..#####.##.....####...
#...#.##.#.......# ##..
#####.##..#.........#####.
#.........................
#..........###.....##.#...
#.......g..##.<...........
#........@..........######
#...........#.......###...
#..........###.......##...
#..........####...##.##...
#...........########.##...
###########.....# #.##...
#####.# #.##...
#.####...... #......##...


You could see Crazy Yiuf.

Vanquished Creatures
  2 adders (D:2)
  An ooze (D:2)
  A worm (D:2)
  2 giant cockroaches (D:1)
  2 hobgoblins
  2 ball pythons
  2 bats
  A frilled lizard (D:1)
  3 kobolds
16 creatures vanquished.

Vanquished Creatures (collateral kills)
  An adder (D:2)
1 creature vanquished.

Grand Total: 17 creatures vanquished

Notes
Turn   | Place    | Note
-------+----------+-------------------------------------------
     0 | D:1      | myga the Halfling Necromancer began the quest for the Orb.
     0 | D:1      | Reached XP level 1. HP: 11/11 MP: 3/3
     2 | D:1      | Learned a level 1 spell: Animate Skeleton
   244 | D:1      | Reached XP level 2. HP: 14/17 MP: 0/4
   669 | D:2      | Reached XP level 3. HP: 9/21 MP: 1/5
   720 | D:2      | Learned a level 3 spell: Vampiric Draining
  1503 | D:2      | Found a runed door.
  1584 | D:2      | Found a sacrificial altar of Ru.
  1645 | D:2      | Noticed Crazy Yiuf
  1666 | D:2      | Mangled by Crazy Yiuf

Skill      XL: |  1  2  3 |
---------------+----------+-----
Spellcasting   | 2 |  2.0
Short Blades   | |  0.8
Dodging        | |  2.3
Stealth        | |  2.5
Necromancy     | |  3.8

Action                   || total
-------------------------++-------
Melee: Short sword       ||    37
Throw: Stone             ||    11
 Cast: Pain              ||    29
       Animate Skeleton  ||     4
  Use: Scroll            ||     6
 Stab: Sleeping          ||     3
  Eat: Chunk             ||     3
Armor: Robe              ||     8
Dodge: Dodged            ||    24
